 Dungeon Crawl Stone Soup version 0.22-a0-571-g4a923d4 (webtiles) character file.

881 Hebeh the Covered (level 7, -7/62 HPs)
             Began as a Minotaur Fighter on July 1, 2018.
             Mangled by Menkaure (19 damage)
             ... on level 4 of the Dungeon.
             The game lasted 00:10:13 (3661 turns).

Hebeh the Covered (Minotaur Fighter)                Turns: 3661, Time: 00:10:14

Health: -7/62      AC:  8    Str: 22    XL:     7   Next: 75%
Magic:  7/7        EV:  8    Int:  5    God:
Gold:   146        SH: 10    Dex:  7    Spells: 6/6 levels left

rFire    . . .     SeeInvis .   u - +7 whip "Beastbane" {slash, +Rage rN+ Dex-3 Stlth+}
rCold    . . .     Gourm    .   c - +0 shield
rNeg     + . .     Faith    .   b - +0 scale mail
rPois    .         Spirit   .   (helmet restricted)
rElec    .         Reflect  .   (no cloak)
rCorr    .         Harm     +   o - +0 pair of gloves
MR       .....                  (no boots)
Stlth    +.........             t - amulet of harm
HPRegen  0.20/turn              (no ring)
MPRegen  0.10/turn              (no ring)

@: no status effects
A: retaliatory headbutt, horns 2
a: Evoke Berserk Rage


You were on level 4 of the Dungeon.
You were not hungry.

You visited 1 branch of the dungeon, and saw 4 of its levels.

You collected 146 gold pieces.

Inventory:

Hand Weapons
 a - a +0 war axe
 u - the +7 whip "Beastbane" (weapon) {slash, +Rage rN+ Dex-3 Stlth+}
   (You found it on level 4 of the Dungeon)

   It inflicts extra damage upon your enemies.
   It affects your dexterity (-3).
   It protects you from negative energy.
   It lets you go berserk.
   It makes you more stealthy.
Armour
 b - a +0 scale mail (worn)
 c - a +0 shield (worn)
 o - a +0 pair of gloves (worn)
Jewellery
 t - an amulet of harm (around neck)
Scrolls
 e - 2 scrolls of remove curse {unknown}
 g - a scroll of enchant armour {unknown}
 h - 2 scrolls of immolation {unknown}
 j - a scroll of enchant weapon {unknown}
 k - 5 scrolls of identify {unknown}
 r - a scroll of fear {unknown}
 s - a scroll of teleportation {unknown}
Potions
 d - 3 potions of might
 i - 2 potions of brilliance {unknown}
 l - a potion of flight {unknown}
 m - 2 potions of curing {unknown}
 n - 2 potions of haste {unknown}
 p - a potion of cancellation {unknown}
 q - 3 potions of heal wounds {unknown}
 w - a potion of lignification {unknown}
Comestibles
 f - 11 rations
 v - 14 chunks of flesh


   Skills:
 + Level 5.6 Fighting
 - Level 4.4(5.4) Axes
 * Level 4.7(5.6) Maces & Flails
 + Level 5.7 Armour
 + Level 5.7 Shields
 + Level 2.4 Evocations


You had 6 spell levels left.
You didn't know any spells.
Your spell library was empty.

Dungeon Overview and Level Annotations

Branches:
Dungeon (4/15)
 Temple: D:4-7

Altars:
Dithmenos
Sif Muna
Vehumet
Wu Jian

Annotations:
D:4 Menkaure


Innate Abilities, Weirdness & Mutations

You reflexively headbutt those who attack you in melee.
You have a pair of horns on your head.


Message History

Your body is wracked with pain!
* * * LOW HITPOINT WARNING * * *
The orc wizard mumbles some strange words.
The orc wizard flickers and vanishes!
Menkaure casts a spell.
Menkaure seems to speed up.
You block the orc priest's attack.
The orc priest invokes the aid of Beogh against you.
Reactivating autopickup.
You hit the orc priest.
You kill the orc priest!
Menkaure calls on the powers of darkness!
Your body is wracked with pain!
* * * LOW HITPOINT WARNING * * *
Items here: )) ? [ a mace; a scroll labeled ASSYTO US HITH; a dagger; a robe You completely miss Menkaure.
You headbutt Menkaure.
Menkaure is lightly damaged.
Menkaure hits you!
You die...

#.......#......#.
###'############
#............+
##.########.## #.#
#.# ##'## #.#
#...##### #.# ##
#.......# #.# ...
#.......# #@# ....
#.......# #M# .....
#.......###.##......
#.......##.....{M...
#.......############
#.......#
##......####
#.........#
#.#.......#


You could see Menkaure.

Vanquished Creatures
  Pikel (D:4)
  Grinder (D:4)
  An orc priest (D:4)
  Natasha (twice) (D:2)
  2 worker ants
  4 gnolls (D:4)
  2 adders (D:3)
  An ooze (D:3)
  3 worms
  A dart slug (D:1)
  A leopard gecko (D:4)
  A ball python (D:1)
  3 bats
  4 giant cockroaches
  7 goblins
  4 hobgoblins
  2 jackals (D:1)
  8 frilled lizards
  11 kobolds
  12 rats
71 creatures vanquished.

Vanquished Creatures (others)
  Natasha (D:2)
  An orc wizard (D:4)
  A howler monkey skeleton (D:4)
  An orc (D:4)
  5 goblins (D:4)
  A hobgoblin (D:4)
10 creatures vanquished.

Grand Total: 81 creatures vanquished

Notes
Turn   | Place    | Note
-------+----------+-------------------------------------------
     0 | D:1      | Hebeh the Minotaur Fighter began the quest for the Orb.
     0 | D:1      | Reached XP level 1. HP: 19/19 MP: 0/0
   121 | D:1      | Reached XP level 2. HP: 21/27 MP: 1/1
  1116 | D:2      | Reached XP level 3. HP: 33/33 MP: 2/2
  1132 | D:2      | Noticed Natasha
  1140 | D:2      | Killed Natasha
  1304 | D:2      | Reached XP level 4. HP: 37/40 MP: 3/3
  1311 | D:2      | Found a radiant altar of Vehumet.
  1352 | D:2      | Found a shadowy altar of Dithmenos.
  1371 | D:2      | Found a deep blue altar of Sif Muna.
  1414 | D:2      | Found an ornate altar of the Wu Jian Council.
  1415 | D:2      | Noticed Natasha
  1424 | D:2      | Killed Natasha
  1585 | D:2      | Killed Natasha
  2945 | D:3      | Reached XP level 5. HP: 46/47 MP: 4/4
  3146 | D:4      | Got a twisted whip
  3148 | D:4      | Identified the +7 whip "Beastbane" {slash, +Rage rN+ Dex-3 Stlth+} (You found it on level 4 of the Dungeon)
  3169 | D:4      | Reached skill level 1 in Maces & Flails
  3323 | D:4      | Noticed a slave
  3325 | D:4      | Noticed Pikel
  3326 | D:4      | Noticed a slave
  3328 | D:4      | Noticed a slave
  3330 | D:4      | Noticed a slave
  3351 | D:4      | Killed Pikel
  3351 | D:4      | Reached skill level 5 in Fighting
  3351 | D:4      | Reached skill level 5 in Armour
  3351 | D:4      | Reached skill level 5 in Shields
  3351 | D:4      | Reached skill level 1 in Evocations
  3351 | D:4      | Reached XP level 6. HP: 32/56 MP: 4/6
  3351 | D:4      | Reached XP level 7. HP: 35/61 MP: 4/7
  3622 | D:4      | Noticed Grinder
  3629 | D:4      | Paralysed by Grinder for 7 turns
  3642 | D:4      | Killed Grinder
  3647 | D:4      | Noticed Menkaure
  3661 | D:4      | Mangled by Menkaure

Vault maps used:
D:1:      matt_arrival_los_fun
D:2:      fiery_altar_vehumet, nicolae_overflow_crystal_walls,
          grunt_temple_overflow_open, uniq_natasha
D:4:      kennysheep_the_goblin_king, minmay_temple_entry_from_below_a,
          serial_shops, nicolae_shop_trees, gammafunk_ghost_necromancy,
          first_ration, uniq_grinder, uniq_menkaure, uniq_pikel

Skill      XL: |  1  2  3  4  5  6  7 |
---------------+----------------------+-----
Axes           | 3 4 |  4.4
Armour         | 4 5 |  5.7
Fighting       | 4 5 |  5.6
Shields        | 4 5 |  5.7
Maces & Flails | 3 4 |  4.7
Evocations     | 1 2 |  2.4

Action                   |  1- 3 |  4- 6 |  7- 9 || total
-------------------------+-------+-------+-------++-------
Melee: War axe           |    94 |    44 |       ||   138
       Headbutt          |    11 |    20 |     3 ||    34
       Whip              |       |    42 |    19 ||    61
  Eat: Chunk             |     1 |     1 |       ||     2
       Ration            |       |     2 |       ||     2
Armor: Scale mail        |    41 |    23 |     7 ||    71
Dodge: Dodged            |    30 |    19 |     2 ||    51
Block: Shield            |    54 |    43 |     3 ||   100

Table legend:
 A = Spawn XP
 B = Non-spawn XP
 C = Spawn XP percentage of total XP
 D = Spawn monster count
 E = Non-spawn monster count
 F = Spawn count percentage of total count
 G = Total turns spent on level
                    A         B        C        D         E        F      G
               +---------+---------+-------+---------+---------+-------+---------
         Total |       0 |    1259 |   0.0 |       0 |      71 |   0.0 |  3661
               +---------+---------+-------+---------+---------+-------+---------
           D:1 |       0 |      39 |   0.0 |       0 |      25 |   0.0 |  1115
           D:2 |       0 |      99 |   0.0 |       0 |      18 |   0.0 |  1082
           D:3 |       0 |      88 |   0.0 |       0 |      16 |   0.0 |   889
           D:4 |       0 |    1033 |   0.0 |       0 |      12 |   0.0 |   575
               +---------+---------+-------+---------+---------+-------+---------
